 Dungeon Crawl Stone Soup version 0.31.0-32-g396128a36d (webtiles) character file.

Game seed: 15147697173698743283

169 TacoSundae the Chopper (level 5, -1/41 HPs)
             Began as a Barachi Berserker on Apr 20, 2024.
             Was a Believer of Trog.
             Killed by nerve-wracking pain
             ... invoked by an orc priest
              (6 damage)
             ... on level 4 of the Dungeon.
             The game lasted 00:05:13 (2656 turns).

TacoSundae the Chopper (Barachi Berserker)          Turns: 2656, Time: 00:05:14

Health: -1/41      AC:  5    Str: 20    XL:     5   Next: 50%
Magic:  5/5        EV: 16    Int:  8    God:    Trog [**....]
Gold:   176        SH:  0    Dex: 11    Spells: 4/4 levels left

rFire   . . .        a - +0 hand axe
rCold   . . .        (no shield)
rNeg    . . .        f - +0 ring mail
rPois   .            c - +0 helmet
rElec   .            (no cloak)
rCorr   .            (no gloves)
SInv    .            g - +0 pair of boots
Will    .....        (no amulet)
Stlth   +            k - +5 ring of evasion
HPRegen 0.26/turn    (no ring)
MPRegen 0.09/turn

%: no passive effects
@: on berserk cooldown, slowed, very slow
A: amphibious, slowness 1, strong legs 1, +LOS, deformed body, screaming 1
a: Hop, Renounce Religion, Berserk, Trog's Hand


You were on level 4 of the Dungeon.
You worshipped Trog.
Trog was pleased with you.
You visited 1 branch of the dungeon, and saw 4 of its levels.

You collected 176 gold pieces.

Inventory:

Hand Weapons
 a - a +0 hand axe (weapon)
Missiles
 s - 2 poisoned darts (quivered)
Armour
 c - a +0 helmet (worn)
 f - a +0 ring mail (worn)
 g - a +0 pair of boots (worn)
Jewellery
 k - a +5 ring of evasion (left hand)
Wands
 n - a wand of iceblast (6)
 p - a wand of light (7)
Scrolls
 b - a scroll of teleportation {unknown}
 h - a scroll of enchant armour {unknown}
 l - 4 scrolls of identify {unknown}
 m - a scroll of fog {unknown}
 q - a scroll of vulnerability {unknown}
 r - a scroll of torment {unknown}
Potions
 e - a potion of enlightenment {unknown}
 i - a potion of berserk rage {unknown}
 j - a potion of haste {unknown}
 t - a potion of heal wounds {unknown}


   Skills:
 - Level 3.6 Fighting
 + Level 6.6 Axes
 - Level 2.4 Armour
 - Level 2.1 Dodging


You had 4 spell levels left.
You didn't know any spells.
Your spell library was empty.

Dungeon Overview and Level Annotations

Branches:
Dungeon (4/15)
 Temple: D:4-7

Altars:


Innate Abilities, Weirdness & Mutations

You are amphibious.
You cover ground slowly.
You can hop short distances.
You have an extended range of vision and can be seen from far away.
Armour fits poorly on your strangely shaped body.
You occasionally shout uncontrollably at your foes.


Message History

The orc priest looks braver for a moment.
You hit the orc priest but do no damage.
The orc priest is lightly wounded.
The orc priest hits you but does no damage.
You hit the orc priest but do no damage.
The orc priest is lightly wounded.
The orc priest hits you but does no damage.
The orc priest calls down the wrath of Beogh upon you.
Beogh smites you!
* * * LOW HITPOINT WARNING * * *
You hit the orc priest.
The orc priest is lightly wounded.
The orc priest barely misses you.
You hit the orc priest.
The orc priest is lightly wounded.
The orc priest hits you with a +0 whip.
* * * LOW HITPOINT WARNING * * *
The orc priest hits you but does no damage.
You barely miss the orc priest.
The orc priest is lightly wounded.
The orc priest barely misses you.
You hit the orc priest but do no damage.
The orc priest is lightly wounded.
The orc priest hits you but does no damage.
The orc priest hits you with a +0 whip.
* * * LOW HITPOINT WARNING * * *
You feel better. The orc priest closely misses you.
You closely miss the orc priest.
The orc priest is lightly wounded.
The orc priest hits you with a +0 whip.
* * * LOW HITPOINT WARNING * * *
The orc priest misses you.
You barely miss the orc priest.
The orc priest is lightly wounded.
The orc priest closely misses you.
It was a potion of mutation.
You feel extremely strange.
Your body twists and deforms.
You feel the urge to shout.
The orc priest mumbles some strange prayers to Beogh against you.
Pain shoots through your body!
You die...

.# . .## ..> ..
... ..... ##
..###.. ....##.#
..... ......##
.>.. .......# ..
#?. .......#
....###(####...#
.......).@....#
##.....)o.....#
#......).....#
#$.......###<.#
.......#..
##........
.?.##.##..
.......# .. ...
#... ......## .
.... ....
.###### ....
..#.. ##


You could see an orc priest.

Vanquished Creatures
  2 orc wizards
  Robin (D:2)
  A gnoll (D:1)
  2 adders
  3 dart slugs
  A ribbon worm (D:2)
  4 orcs
  8 endoplasms
  6 hobgoblins
  4 jackals (D:2)
  3 quokkas
  2 ball pythons
  4 bats
  A frilled lizard (D:1)
  15 goblins
  6 kobolds
  3 rats
66 creatures vanquished.

Notes
Turn   | Place    | Note
-------+----------+-------------------------------------------
     0 | D:1      | TacoSundae the Barachi Berserker began the quest for the
                  | Orb.
     0 | D:1      | Reached XP level 1. HP: 18/18 MP: 1/1
   161 | D:1      | Reached XP level 2. HP: 24/24 MP: 2/2
   206 | D:1      | Reached skill level 4 in Axes
   298 | D:1      | You fall into a shaft and drop 1 floor!
   313 | D:2      | Reached XP level 3. HP: 16/29 MP: 3/3
   720 | D:1      | Reached ** piety under Trog
  1215 | D:2      | Reached skill level 5 in Axes
  1232 | D:2      | Noticed Robin
  1248 | D:2      | Reached XP level 4. HP: 28/36 MP: 4/4
  1264 | D:2      | Killed Robin
  2099 | D:3      | Reached skill level 6 in Axes
  2211 | D:3      | Reached XP level 5. HP: 15/41 MP: 5/5
  2656 | D:4      | Gained mutation: Armour fits poorly on your strangely
                  | shaped body. [potion of mutation]
  2656 | D:4      | Gained mutation: You occasionally shout uncontrollably at
                  | your foes. [potion of mutation]
  2656 | D:4      | Killed from afar by an orc priest

Illustrated notes

Levels and vault maps discovered:
D:1:      wander_arrival_fairy_ring, layout_loops_cross,
          serial_co_window_serial, co_window_corner_a, co_window_paths_a,
          co_window_corner_a, co_window_of_opportunity_a, co_window_paths_a,
          co_window_paths_c, co_window_paths_c, co_window_cross_3,
          co_window_corner_ca, co_window_unsneaky_path_d, co_window_broadway_a,
          glass_columns_b, glass_columns_a, glass_columns_a, glass_columns_a,
          glass_columns_a
D:2:      layout_basic, hangedman_decor_clover_reticule,
          kennysheep_generic_room_12, uniq_robin
D:3:      layout_basic
D:4:      layout_cave_pools, minmay_temple_entry_slanted

Skill      XL: |  1  2  3  4 |
---------------+-------------+-----
Axes           | 4 5 6 |  6.6
Fighting       | |  3.6
Armour         | |  2.4
Dodging        | |  2.1

Action                     |  1- 3 |  4- 6 || total
---------------------------+-------+-------++-------
  Melee: Hand axe          |    77 |   117 ||   194
         Punch             |     1 |     1 ||     2
 Invoke: Berserk           |     2 |     1 ||     3
Ability: Hop               |       |     1 ||     1
    Use: Potion            |       |     3 ||     3
 Armour: Animal skin       |    23 |       ||    23
         Ring mail         |    26 |    66 ||    92
  Dodge: Dodged            |    50 |    83 ||   133
